[Event "Titled Tuesday Blitz June 6 Late 2023"]
[White "Svane, Frederik"]
[Black "Chos, Alexey"]
[WhiteFideId "12923044"]
[BlackFideId "14117762"]
[WhiteElo "2502"]
[BlackElo "2234"]
[Result "1-0"]
[Round "3"]
[TimeControl "180+2"]
[Date "2023.06.07"]
[WhiteClock "0:00:41"]
[BlackClock "0:01:41"]
[Board "24"]

1. g3 h5 2. Nf3 d6 3. Bg2 e5 4. c4 Nc6 5. Nc3 Be6 6. d4 exd4 7. Nxd4 Nxd4 8. Qxd4 c6 9. Bf4 Ne7 10. O-O-O Nf5 11. Qd3 g5 12. e4 Nh4 13. gxh4 gxf4 14. Bf3 Qxh4 15. Qd4 Rg8 16. e5 Bg7 17. Qxd6 Qxf2 18. Bxc6+ bxc6 19. Qxc6+ Ke7 20. Qd6+ Ke8 21. Qc6+ Ke7 22. Qb7+ Ke8 23. Qxa8+ Ke7 24. Qb7+ Ke8 25. Qc6+ Ke7 26. Qd6+ 1-0


[Site "https://www.chess.com"]

[Event "Titled Tuesday Blitz June 6 Late 2023"]
[White "Keymer, Vincent"]
[Black "Ozates, Tuna"]
[WhiteFideId "12940690"]
[BlackFideId "6354521"]
[WhiteElo "2669"]
[BlackElo "2151"]
[Result "1-0"]
[Round "3"]
[TimeControl "180+2"]
[Date "2023.06.07"]
[WhiteClock "0:01:47"]
[BlackClock "0:01:49"]
[Board "25"]

1. a3 e5 2. c4 Nf6 3. d3 a5 4. Nf3 d6 5. Nc3 g6 6. g3 Bg7 7. Bg2 O-O 8. O-O Nc6 9. Rb1 Nh5 10. b4 axb4 11. axb4 f5 12. b5 Ne7 13. Bb2 h6 14. e3 f4 15. Qd2 Be6 16. exf4 exf4 17. Ne4 Qd7 18. Bxg7 Kxg7 19. Qb2+ Kh7 20. Rbe1 Bh3 21. Bxh3 1-0


[Site "https://www.chess.com"]

[Event "Titled Tuesday Blitz June 6 Late 2023"]
[White "Baskakov, Egor"]
[Black "Garmendiarov"]
[WhiteFideId "24197866"]
[WhiteElo "2225"]
[BlackElo "2553"]
[Result "1-0"]
[Round "3"]
[TimeControl "180+2"]
[Date "2023.06.07"]
[WhiteClock "0:01:17"]
[BlackClock "0:00:03"]
[Board "26"]

1. e4 c5 2. Nf3 e6 3. Be2 Nc6 4. c4 Nf6 5. Nc3 d6 6. d4 cxd4 7. Nxd4 Be7 8. O-O O-O 9. Be3 a6 10. Rc1 Bd7 11. h3 Rc8 12. Qd2 Nxd4 13. Bxd4 Bc6 14. Bd3 d5 15. exd5 exd5 16. Bxf6 Bxf6 17. Nxd5 Bxd5 18. cxd5 Qb6 19. b3 g6 20. Be4 Qd4 21. Qxd4 Bxd4 22. d6 Rxc1 23. Rxc1 Rd8 24. Bxb7 Rxd6 25. b4 Rf6 26. Rc2 Rb6 27. Bc8 Rxb4 28. Bxa6 Ra4 29. Bb5 Ra5 30. a4 Kg7 31. Rc4 Bf6 32. Rc7 Ra8 33. Kf1 Rd8 34. Bc4 Rf8 35. a5 Be5 36. Rb7 Bc3 37. a6 Kf6 38. a7 Bd4 39. Bd5 Kg7 40. Rd7 h5 41. a8=Q Rxa8 42. Bxa8 Bf6 43. Bd5 1-0


[Site "https://www.chess.com"]

[Event "Titled Tuesday Blitz June 6 Late 2023"]
[White "Kovalev, Vladislav"]
[Black "WindWhistler11"]
[WhiteFideId "13504398"]
[WhiteElo "2555"]
[BlackElo "2545"]
[Result "1-0"]
[Round "3"]
[TimeControl "180+2"]
[Date "2023.06.07"]
[WhiteClock "0:00:21"]
[BlackClock "0:00:02"]
[Board "27"]

1. e4 e6 2. d4 d5 3. Nd2 Nf6 4. e5 Nfd7 5. Bd3 c5 6. c3 Nc6 7. Ne2 Be7 8. O-O b6 9. Nf3 Bb7 10. a3 Qc7 11. b4 c4 12. Bc2 O-O-O 13. Nf4 Rdg8 14. h4 g6 15. Ng5 Nd8 16. Qf3 Rf8 17. g3 h6 18. Ngh3 Rfg8 19. Qg4 Kb8 20. Ng2 Bc8 21. f4 f5 22. exf6 Nxf6 23. Qe2 Ne4 24. Bxe4 dxe4 25. Nf2 Bb7 26. Ne3 g5 27. Qxc4 Qxc4 28. Nxc4 gxh4 29. g4 Nf7 30. Kh2 Rg7 31. Be3 Rhg8 32. Rg1 Bd6 33. Ne5 Bxe5 34. fxe5 Ng5 35. Bxg5 hxg5 36. Rgf1 Rf7 37. Nh3 Rgf8 38. Rxf7 Rxf7 39. Nxg5 Rf2+ 40. Kh3 Rc2 41. Kxh4 Rxc3 42. Nxe6 Rc2 43. Nf4 Bc8 44. e6 Rf2 45. Kg5 e3 46. Re1 Rf3 47. d5 Kc7 48. Kf5 Kd6 49. Ke4 Rg3 50. Rxe3 Rxg4 51. Kf5 Rg1 52. Kf6 Rf1 53. e7 Rxf4+ 54. Kg5 Rf5+ 55. Kg6 Bd7 56. e8=Q Bxe8+ 57. Kxf5 Bd7+ 58. Ke4 Be8 59. Rf3 Bg6+ 60. Kd4 1-0


[Site "https://www.chess.com"]

[Event "Titled Tuesday Blitz June 6 Late 2023"]
[White "QuiesPrecatio"]
[Black "Bryakin, Mikhail"]
[BlackFideId "4165314"]
[WhiteElo "2452"]
[BlackElo "2464"]
[Result "0-1"]
[Round "3"]
[TimeControl "180+2"]
[Date "2023.06.07"]
[WhiteClock "0:00:11"]
[BlackClock "0:00:08"]
[Board "28"]

1. d4 f5 2. g3 Nf6 3. Bg2 g6 4. c3 Bg7 5. Nh3 O-O 6. Nf4 e6 7. Qb3 Nc6 8. h4 Qe7 9. a3 d5 10. h5 g5 11. h6 Bh8 12. Nh3 g4 13. Nf4 Nd8 14. Nd3 Nf7 15. Bf4 Ne4 16. f3 gxf3 17. exf3 Ned6 18. Nd2 c6 19. O-O-O Bf6 20. Rh5 b6 21. Re1 Ba6 22. Ne5 Bxe5 23. Bxe5 Nxe5 24. Rxe5 Nf7 25. Re1 Qf6 26. Reh1 c5 27. Qa4 Bd3 28. dxc5 bxc5 29. Qh4 Qxh4 30. R5xh4 Rfe8 31. f4 Be4 32. Bxe4 dxe4 33. Nc4 Rad8 34. Rd1 Rxd1+ 35. Kxd1 Rd8+ 36. Ke2 Kf8 37. Rh1 Ke7 38. Ne3 a5 39. g4 Kf6 40. g5+ Ke7 41. Rd1 Rb8 42. Nc4 a4 43. Rd2 Rb7 44. Ke3 Rb8 45. Na5 Rb6 46. Nc4 Rc6 47. Rd1 Ra6 48. Rb1 Nd6 49. Ne5 Nf7 50. Nxf7 Kxf7 51. Rd1 Ra7 52. Rd6 Rb7 53. Ra6 Rxb2 54. Ra7+ Kg8 55. Rxa4 Rc2 56. Rc4 Ra2 57. Rxc5 Rxa3 58. Rc7 Kf8 59. Kd4 Ra4+ 60. c4 Ra3 61. Rxh7 Rd3+ 62. Kc5 e3 63. Rc7 e2 64. h7 Rh3 65. Rc8+ Ke7 66. h8=Q Rxh8 67. Rxh8 e1=Q 68. Rh7+ Kf8 69. Rh8+ Kg7 70. Rc8 Qe3+ 71. Kd6 Qxf4+ 72. Kxe6 Qe4+ 73. Kd7 f4 74. Rc7 f3 75. Kc8+ Kg6 76. c5 f2 77. c6 f1=Q 0-1


[Site "https://www.chess.com"]

[Event "Titled Tuesday Blitz June 6 Late 2023"]
[White "Beerdsen, Thomas"]
[Black "Romero Ruscalleda, Josep"]
[WhiteFideId "1030108"]
[BlackFideId "2231859"]
[WhiteElo "2553"]
[BlackElo "2183"]
[Result "1-0"]
[Round "3"]
[TimeControl "180+2"]
[Date "2023.06.07"]
[WhiteClock "0:02:30"]
[BlackClock "0:01:02"]
[Board "29"]

1. e4 g6 2. h4 h5 3. Nh3 Bg7 4. Ng5 d6 5. Bc4 Nf6 6. Nxf7 Qd7 7. Nxh8 Bxh8 8. d3 c6 9. Bb3 Na6 10. Nc3 Nc5 11. Bg5 Nxb3 12. axb3 Qe6 13. Qe2 Nd7 14. Be3 a6 15. d4 Nf6 16. f3 Qf7 17. Na4 Be6 18. Nb6 Rd8 19. c4 d5 20. exd5 cxd5 21. O-O Kf8 22. Rfe1 Rd6 23. c5 Rc6 24. b4 Bf5 25. b5 axb5 26. Bh6+ Kg8 27. Qxe7 Qxe7 28. Rxe7 1-0


[Site "https://www.chess.com"]

[Event "Titled Tuesday Blitz June 6 Late 2023"]
[White "Perez Ponsa, Federico"]
[Black "Rodriguez Santiago, Jaime"]
[WhiteFideId "117927"]
[BlackFideId "3100898"]
[WhiteElo "2590"]
[BlackElo "2025"]
[Result "1-0"]
[Round "3"]
[TimeControl "180+2"]
[Date "2023.06.07"]
[WhiteClock "0:00:19"]
[BlackClock "0:00:03"]
[Board "30"]

1. e4 c6 2. Nf3 d5 3. Nc3 dxe4 4. Nxe4 Nf6 5. Qe2 Nxe4 6. Qxe4 Qa5 7. b4 Qf5 8. Qe3 Qxc2 9. Bd3 Qa4 10. Rb1 Nd7 11. O-O Nf6 12. Ne5 e6 13. f4 Be7 14. Qg3 g6 15. a3 h5 16. Bxg6 Rf8 17. Bxf7+ Kd8 18. Bb2 Kc7 19. f5 Bd6 20. Qg7 Ne4 21. fxe6 Qc2 22. Bg6+ Kb6 23. Bd4+ Ka6 24. a4 Qxd2 25. b5+ cxb5 26. axb5+ Ka5 27. Nc4+ Ka4 28. Nxd2 Bxh2+ 29. Kxh2 Nxd2 30. Bc2+ Ka3 31. Qxf8+ 1-0


[Site "https://www.chess.com"]

[Event "Titled Tuesday Blitz June 6 Late 2023"]
[White "Schmakel, Sam"]
[Black "Kejzar, Petra"]
[WhiteFideId "2039311"]
[BlackFideId "14610213"]
[WhiteElo "2356"]
[BlackElo "2089"]
[Result "1-0"]
[Round "3"]
[TimeControl "180+2"]
[Date "2023.06.07"]
[WhiteClock "0:00:45"]
[BlackClock "0:01:31"]
[Board "31"]

1. d4 d5 2. c4 c6 3. Nf3 Nf6 4. Nc3 dxc4 5. a4 Bf5 6. Ne5 e6 7. g3 Bb4 8. Bg2 O-O 9. O-O Nbd7 10. Nxc4 a5 11. e4 Bg6 12. Qe2 Nb6 13. Ne5 Qxd4 14. Nxg6 hxg6 15. Be3 Qc4 16. Bxb6 Qb3 17. Bd4 Rfd8 18. Rfd1 Be7 19. e5 Nd5 20. Ne4 Qb4 21. Qc2 Bf8 22. Bc5 Bxc5 23. Nxc5 Qg4 24. Nxb7 Rdb8 25. Nd6 Nb4 26. Qe4 Qg5 27. Rac1 Nd5 28. Rxc6 Rxb2 29. Qd4 Rab8 30. Bxd5 exd5 31. Qxd5 Qe7 32. Rc8+ Rxc8 33. Nxc8 Kh7 34. Nxe7 Rb4 35. Qxf7 1-0


[Site "https://www.chess.com"]

[Event "Titled Tuesday Blitz June 6 Late 2023"]
[White "Tejedor Fuente, Enrique"]
[Black "Wang, Alexander J"]
[WhiteFideId "2299100"]
[BlackFideId "30955270"]
[WhiteElo "2496"]
[BlackElo "2274"]
[Result "1-0"]
[Round "3"]
[TimeControl "180+2"]
[Date "2023.06.07"]
[WhiteClock "0:00:09"]
[BlackClock "0:00:23"]
[Board "32"]

1. c3 d5 2. d4 e6 3. g3 Nf6 4. Bg2 c5 5. Nf3 Nc6 6. O-O Be7 7. Nbd2 O-O 8. dxc5 Bxc5 9. b4 Be7 10. a3 b5 11. a4 bxa4 12. Qxa4 Bd7 13. b5 Nb8 14. c4 a6 15. Qb3 Qb6 16. cxd5 exd5 17. bxa6 Qxb3 18. Nxb3 Rxa6 19. Be3 Rxa1 20. Rxa1 Nc6 21. h3 Ne4 22. Nfd2 Nxd2 23. Bxd2 Be6 24. Rc1 Ne5 25. Bf4 Nc4 26. Nd2 Nxd2 27. Bxd2 Bf6 28. Bf4 d4 29. e3 dxe3 30. Bxe3 Rc8 31. Rd1 Rd8 32. Rc1 h6 33. h4 Rc8 34. Rd1 Bg4 35. Rb1 Bf5 36. Rb5 Bd7 37. Rd5 Bc6 38. Rc5 Bd7 39. Ra5 Bc6 40. Bxc6 Rxc6 41. Ra8+ Kh7 42. Ra7 Kg8 43. Kg2 Re6 44. Ra8+ Kh7 45. Rb8 Re7 46. Bc5 Rd7 47. Rb3 g6 48. Be3 h5 49. Rb6 Kg7 50. Rc6 Be5 51. Kf3 Bd4 52. Bf4 Bf6 53. Rc2 Rb7 54. Be3 Be5 55. Rc5 Bf6 56. Rd5 Be7 57. Bd4+ Bf6 58. Be3 Be7 59. Rd3 Bf6 60. Ra3 Be7 61. Bd4+ Bf6 62. Be3 Rd7 63. Ra6 Rb7 64. Ke4 Re7+ 65. Kf3 Rb7 66. Rc6 Rd7 67. Kg2 Rb7 68. Rc4 Be5 69. Rc2 Bf6 70. Rc5 Be7 71. Re5 Bf6 72. Re8 Rd7 73. Bc5 Rd8 74. Re2 Rd7 75. Bb6 Rb7 76. Be3 Rd7 77. Ra2 Rd5 78. f3 Rd7 79. Bf2 Re7 80. Rd2 Rb7 81. Rc2 Rd7 82. g4 hxg4 83. fxg4 Rb7 84. Rc4 Be5 85. Kf3 Bf6 86. Re4 Rb3+ 87. Kg2 Rb2 88. g5 Bd8 89. Kf3 Rb3+ 90. Kg4 Bb6 91. Be1 Bc7 92. Rc4 Be5 93. Rc5 Bd4 94. Rd5 Bc3 95. Bf2 Rb5 96. Rxb5 1-0


[Site "https://www.chess.com"]

[Event "Titled Tuesday Blitz June 6 Late 2023"]
[White "Sanchez, Robert"]
[Black "Gadimbayli, Abdulla"]
[WhiteFideId "2034360"]
[BlackFideId "13404938"]
[WhiteElo "1877"]
[BlackElo "2386"]
[Result "1/2-1/2"]
[Round "3"]
[TimeControl "180+2"]
[Date "2023.06.07"]
[WhiteClock "0:01:53"]
[BlackClock "0:01:21"]
[Board "33"]

1. e4 c5 2. Nf3 d6 3. d4 cxd4 4. Nxd4 Nf6 5. Nc3 a6 6. Be3 e5 7. Nb3 Be7 8. f3 O-O 9. Qd2 b5 10. O-O-O Be6 11. g4 Nc6 12. g5 Nh5 13. Nd5 Rc8 14. Kb1 Bxd5 15. exd5 Nb8 16. Bh3 Nd7 17. Bg4 Nf4 18. Bxf4 exf4 19. Bxd7 Qxd7 20. h4 Bd8 21. Nd4 Bb6 1/2-1/2


[Site "https://www.chess.com"]

[Event "Titled Tuesday Blitz June 6 Late 2023"]
[White "Ogreberbere"]
[Black "Caruana, Fabiano"]
[BlackFideId "2020009"]
[WhiteElo "2193"]
[BlackElo "2832"]
[Result "0-1"]
[Round "3"]
[TimeControl "180+2"]
[Date "2023.06.07"]
[WhiteClock "0:00:23"]
[BlackClock "0:01:44"]
[Board "34"]

1. d4 b5 2. a4 b4 3. c3 e6 4. e4 Bb7 5. Bd3 Nf6 6. Qe2 d5 7. e5 Nfd7 8. f4 c5 9. Nf3 c4 10. Bc2 b3 11. Bd1 Nc6 12. O-O g6 13. Be3 h5 14. Nbd2 Qc7 15. Bf2 Be7 16. Bh4 O-O-O 17. Bxe7 Nxe7 18. Ng5 Rdf8 19. Qf2 Kb8 20. Bf3 Nf5 21. g3 a5 22. Rfe1 Nb6 23. Nf1 Bc6 24. Ne3 Nxe3 25. Qxe3 Kb7 26. Ra3 Ra8 27. Kf2 Nxa4 28. Qd2 Nb6 29. h3 a4 30. Ke3 Nc8 31. Qg2 Na7 32. g4 hxg4 33. hxg4 Nb5 34. Raa1 a3 35. bxa3 Nxc3 36. Rh1 Rxh1 37. Rxh1 Rxa3 38. Qb2 Nb5 39. Rh7 c3 40. Qb1 c2 41. Qb2 Ra2 42. Qc1 Na3 43. Rxf7 Qxf7 44. Nxf7 b2 45. Nd6+ Kc7 0-1


[Site "https://www.chess.com"]

[Event "Titled Tuesday Blitz June 6 Late 2023"]
[White "Nepomniachtchi, Ian"]
[Black "Fiorito, Joaquin"]
[WhiteFideId "4168119"]
[BlackFideId "180173"]
[WhiteElo "2781"]
[BlackElo "2199"]
[Result "1-0"]
[Round "3"]
[TimeControl "180+2"]
[Date "2023.06.07"]
[WhiteClock "0:00:45"]
[BlackClock "0:00:02"]
[Board "35"]

1. e4 c6 2. d4 d5 3. Nd2 dxe4 4. Nxe4 Nf6 5. Nxf6+ exf6 6. Be3 Bd6 7. Bd3 O-O 8. Ne2 Re8 9. O-O Nd7 10. Ng3 Nf8 11. Nf5 Bxf5 12. Bxf5 g6 13. Bg4 f5 14. Bf3 Qc7 15. h3 Rad8 16. c3 Bf4 17. Bxf4 Qxf4 18. Qb3 Qc7 19. Rae1 Kg7 20. Qc4 Ne6 21. b4 Ng5 22. Bd1 Ne4 23. Re2 Nd6 24. Qd3 Rxe2 25. Bxe2 Re8 26. Bf3 Ne4 27. Re1 Nc5 28. Qb1 Rxe1+ 29. Qxe1 Ne6 30. a4 a5 31. d5 cxd5 32. Bxd5 Nf4 33. Bf3 axb4 34. cxb4 Nd3 35. Qd2 Ne5 36. a5 Nxf3+ 37. gxf3 Qc6 38. Kg2 h5 39. Qb2+ Kh6 40. b5 Qd6 41. h4 Kh7 42. Qa2 Qf6 43. a6 Qxh4 44. Qxf7+ Kh6 45. Qf8+ Kh7 46. Qc5 Qg5+ 47. Kf1 bxa6 48. bxa6 Qd8 49. a7 h4 50. Kg2 Qg5+ 51. Kh3 Qg1 52. Qe7+ Kh6 53. Qxh4+ Kg7 54. Qd4+ Kh7 55. Qh4+ Kg7 56. a8=Q Qh1+ 57. Kg3 f4+ 58. Kg4 Qg2+ 59. Kxf4 1-0


[Site "https://www.chess.com"]

[Event "Titled Tuesday Blitz June 6 Late 2023"]
[White "Duda, Jan-Krzysztof"]
[Black "Eugene, Floryan"]
[WhiteFideId "1170546"]
[BlackFideId "20694784"]
[WhiteElo "2783"]
[BlackElo "2369"]
[Result "1-0"]
[Round "3"]
[TimeControl "180+2"]
[Date "2023.06.07"]
[WhiteClock "0:02:11"]
[BlackClock "0:01:15"]
[Board "36"]

1. d4 f5 2. c4 Nf6 3. Nc3 g6 4. h4 Bg7 5. h5 Nxh5 6. e4 O-O 7. exf5 e5 8. fxg6 hxg6 9. dxe5 Qe7 10. Qd5+ Qf7 11. g4 Bxe5 12. gxh5 Re8 13. Qxf7+ Kxf7 14. hxg6+ Kxg6 15. Bd3+ Kg7 16. Bh6+ Kg8 17. O-O-O Bxc3 18. bxc3 d6 19. Nf3 Bg4 20. Rdg1 1-0


[Site "https://www.chess.com"]

[Event "Titled Tuesday Blitz June 6 Late 2023"]
[White "Bluebaum, Matthias"]
[Black "Melikyan, Gnel"]
[WhiteFideId "24651516"]
[BlackFideId "54109990"]
[WhiteElo "2639"]
[BlackElo "2138"]
[Result "1-0"]
[Round "3"]
[TimeControl "180+2"]
[Date "2023.06.07"]
[WhiteClock "0:01:36"]
[BlackClock "0:00:43"]
[Board "37"]

1. d4 Nf6 2. c4 g6 3. Nc3 Bg7 4. e4 d6 5. Nf3 O-O 6. Be2 e5 7. Be3 Ng4 8. Bg5 f6 9. Bh4 g5 10. Bg3 Nh6 11. dxe5 fxe5 12. h4 Nf7 13. hxg5 Nxg5 14. Nxg5 Qxg5 15. Nd5 Na6 16. Rh5 Qd8 17. Bh4 Qe8 18. c5 Qf7 19. cxd6 cxd6 20. Bxa6 bxa6 21. Rc1 Kh8 22. Rc7 Qg6 23. Rg5 Qxe4+ 24. Ne3 Qb4+ 25. Qd2 Qxd2+ 26. Kxd2 Bf6 27. Rh5 Bxh4 28. Rhxh7+ Kg8 29. Rcg7# 1-0


[Site "https://www.chess.com"]

[Event "Titled Tuesday Blitz June 6 Late 2023"]
[White "Martic, Ivan"]
[Black "Matlakov, Maxim"]
[WhiteFideId "929301"]
[BlackFideId "4168003"]
[WhiteElo "2346"]
[BlackElo "2666"]
[Result "0-1"]
[Round "3"]
[TimeControl "180+2"]
[Date "2023.06.07"]
[WhiteClock "0:00:01"]
[BlackClock "0:00:19"]
[Board "38"]

1. e4 c5 2. Nf3 e6 3. d4 cxd4 4. Nxd4 Nc6 5. Nc3 Qc7 6. Ndb5 Qb8 7. Be3 a6 8. Bb6 axb5 9. Nxb5 Bb4+ 10. c3 Ba5 11. Nc7+ Qxc7 12. Bxc7 Bxc7 13. Qg4 g6 14. Bb5 Nf6 15. Qe2 O-O 16. O-O b6 17. a4 Bb7 18. f3 d5 19. b4 dxe4 20. fxe4 Be5 21. Rac1 Rac8 22. Kh1 Kg7 23. Qe3 Bc7 24. c4 Ne5 25. c5 Neg4 26. Qe2 bxc5 27. Rxc5 Bb6 28. Rxc8 Rxc8 29. a5 Nf2+ 30. Kg1 Nh3+ 31. Kh1 Nf2+ 32. Kg1 Ba7 33. h3 N6xe4 34. Kh2 Bb8+ 35. Kg1 Ba7 36. Kh2 Rc3 37. Qb2 Bd4 38. Qe2 Bd5 39. a6 Re3 40. Qxe3 Bxe3 41. Re1 Bb6 42. Rc1 Be3 43. Rc8 Nd6 44. Rc3 Bf4+ 45. g3 Nxb5 0-1


[Site "https://www.chess.com"]

[Event "Titled Tuesday Blitz June 6 Late 2023"]
[White "Garcia, Erick"]
[Black "Babazada, Khazar"]
[WhiteFideId "2058880"]
[BlackFideId "13413554"]
[WhiteElo "2202"]
[BlackElo "2369"]
[Result "1-0"]
[Round "3"]
[TimeControl "180+2"]
[Date "2023.06.07"]
[WhiteClock "0:01:00"]
[BlackClock "0:00:01"]
[Board "39"]

1. d4 Nf6 2. c4 e6 3. g3 d5 4. Bg2 dxc4 5. Nf3 c5 6. O-O Nc6 7. dxc5 Qxd1 8. Rxd1 Bxc5 9. Nbd2 c3 10. bxc3 O-O 11. Nb3 Be7 12. c4 Bd7 13. Bb2 Rfd8 14. Nfd4 Rac8 15. Nb5 a6 16. Nd6 Bxd6 17. Rxd6 Nb8 18. Bxf6 gxf6 19. Bxb7 Rxc4 20. Rad1 Kf8 21. Bxa6 Nxa6 22. Rxa6 Rc7 23. Rad6 Ke7 24. f3 Ra8 25. R6d2 Ba4 26. Kf2 h5 27. h4 f5 28. Rb1 Rb7 29. Rc2 Rab8 30. Rc3 Rb6 31. Rc7+ Kf6 32. Rc3 Bc6 33. Rbc1 Bd5 34. Nd4 Bxa2 35. f4 Bd5 36. Nf3 Rb2 37. Ne5 Kg7 38. Rc7 Rf8 39. Rd7 Rb7 40. Rcc7 Rxc7 41. Rxc7 Be4 42. Nd7 Re8 43. Nc5 Bd5 44. Ke3 Kf6 45. Nd7+ Kg7 46. Ne5 Rf8 47. Kd4 Be4 48. Kc5 Kg8 49. Kd6 f6 50. Nd7 Rf7 51. Kxe6 Kg7 52. Kd6 Kg6 53. Nc5 Rf8 54. Ne6 Ra8 55. Rg7+ Kh6 56. Rf7 Kg6 57. Rc7 Ra6+ 58. Ke7 Bd5 59. Nf8+ Kh6 60. Rd7 Be4 61. Rd6 Ra5 62. Kxf6 Ra7 63. Rd7 Rxd7 1-0


[Site "https://www.chess.com"]

[Event "Titled Tuesday Blitz June 6 Late 2023"]
[White "Gubajdullin, Alexei"]
[Black "Hansen, Eric"]
[WhiteFideId "4141202"]
[BlackFideId "2606771"]
[WhiteElo "2279"]
[BlackElo "2561"]
[Result "0-1"]
[Round "3"]
[TimeControl "180+2"]
[Date "2023.06.07"]
[WhiteClock "0:00:07"]
[BlackClock "0:00:50"]
[Board "40"]

1. d4 Nf6 2. Nf3 g6 3. Bf4 Bg7 4. e3 d6 5. Be2 O-O 6. O-O b6 7. h3 Bb7 8. a4 a6 9. a5 b5 10. c4 bxc4 11. Bxc4 Nbd7 12. Nc3 e6 13. b4 Ne4 14. Nxe4 Bxe4 15. Qe2 Bb7 16. b5 axb5 17. Bxb5 Ra7 18. a6 Ba8 19. Rfc1 Nb6 20. Bc6 h6 21. Qb5 Nd5 22. Bg3 Bxc6 23. Rxc6 Qa8 24. Qc4 f5 25. Ne1 Rb8 26. Nd3 g5 27. f3 Kh8 28. Kh2 Nxe3 29. Qxe6 Qxc6 30. Qxe3 f4 31. Nxf4 gxf4 32. Bxf4 d5 33. Rc1 Qxa6 34. Be5 Qg6 35. Bxc7 Re8 36. Be5 Bxe5+ 37. dxe5 Ra2 38. Rg1 Rg8 39. Kh1 Rxg2 40. Re1 Rh2+ 0-1


[Site "https://www.chess.com"]

[Event "Titled Tuesday Blitz June 6 Late 2023"]
[White "Kuzhilniy, Oleksandr"]
[Black "Visakh N R"]
[WhiteFideId "34110500"]
[BlackFideId "25012223"]
[WhiteElo "2074"]
[BlackElo "2466"]
[Result "1-0"]
[Round "3"]
[TimeControl "180+2"]
[Date "2023.06.07"]
[WhiteClock "0:00:07"]
[BlackClock "0:00:37"]
[Board "41"]

1. b3 f5 2. Bb2 Nf6 3. c4 g6 4. g3 Bg7 5. Bg2 O-O 6. Nh3 Qe8 7. d4 e5 8. dxe5 Ng4 9. O-O d6 10. Nc3 Bxe5 11. Qd2 Qe7 12. Nd5 Qg7 13. Bxe5 dxe5 14. Qa5 c6 15. Nb6 axb6 16. Qxa8 Na6 17. Qa7 Qc7 18. Rad1 Bd7 19. e3 e4 20. Rd2 Ne5 21. Rfd1 Nd3 22. Rxd3 exd3 23. Rxd3 Rd8 24. Nf4 Nc5 25. Rd1 Be8 26. Rxd8 Qxd8 27. Bf3 g5 28. Ne2 Qd1+ 29. Kg2 g4 30. Ng1 gxf3+ 31. Nxf3 Bh5 32. Nd4 Nd7 33. Qxb7 Nf6 34. Qxc6 Ne4 35. Qc8+ Kg7 36. Nxf5+ Kf6 37. Nd4 Bg6 38. Qc6+ Ke7 39. Qc7+ Ke8 40. Qc8+ Ke7 41. Qe6+ Kd8 42. Qxb6+ Kd7 43. Qc6+ Ke7 44. Qe6+ Kd8 45. c5 Nxc5 46. Qd6+ Ke8 47. Qxc5 Be4+ 48. Kh3 Qf1+ 49. Kh4 Qg2 50. Qe5+ Kd7 51. Qe6+ Kc7 52. Qe5+ Kd7 53. g4 Qxf2+ 54. Qg3 Qf6+ 55. g5 Qf1 56. Qh3+ Qxh3+ 57. Kxh3 1-0


[Site "https://www.chess.com"]

[Event "Titled Tuesday Blitz June 6 Late 2023"]
[White "Prado Lobo, Jonas"]
[Black "Indjic, Aleksandar"]
[WhiteFideId "32050666"]
[BlackFideId "911925"]
[WhiteElo "2322"]
[BlackElo "2614"]
[Result "0-1"]
[Round "3"]
[TimeControl "180+2"]
[Date "2023.06.07"]
[WhiteClock "0:00:03"]
[BlackClock "0:01:28"]
[Board "42"]

1. d4 Nf6 2. Nf3 c5 3. e3 g6 4. Be2 Bg7 5. O-O O-O 6. b3 b6 7. Bb2 Bb7 8. c4 cxd4 9. Nxd4 d6 10. Bf3 Qc8 11. Nc3 Re8 12. Rc1 Nbd7 13. Nd5 a6 14. Qe2 e6 15. Nxf6+ Nxf6 16. Rfd1 Rd8 17. Bxb7 Qxb7 18. Qf3 Ne4 19. Rc2 h5 20. Ne2 Bxb2 21. Rxb2 d5 22. Ng3 h4 23. Nxe4 dxe4 24. Qg4 Rxd1+ 25. Qxd1 b5 26. c5 b4 27. h3 a5 28. Qd6 Rc8 29. Rd2 Qc7 30. Qxc7 Rxc7 31. Rc2 Kg7 32. Rc4 f5 33. f3 exf3 34. gxf3 g5 35. f4 g4 36. hxg4 fxg4 37. e4 Kf6 38. Kf2 e5 39. f5 Rc6 40. Ke3 Kg5 41. Rc2 h3 42. Rc1 h2 43. Rh1 g3 44. Kf3 Kh4 45. Rf1 Kh3 0-1


[Site "https://www.chess.com"]

[Event "Titled Tuesday Blitz June 6 Late 2023"]
[White "Safin, Robert"]
[Black "Hambleton, Aman"]
[WhiteFideId "34189120"]
[BlackFideId "2606577"]
[WhiteElo "2341"]
[BlackElo "2511"]
[Result "1-0"]
[Round "3"]
[TimeControl "180+2"]
[Date "2023.06.07"]
[WhiteClock "0:00:12"]
[BlackClock "0:00:02"]
[Board "43"]

1. e4 b6 2. d4 Bb7 3. Bd3 e6 4. Nf3 d5 5. Nbd2 Nf6 6. Qe2 Nxe4 7. Nxe4 dxe4 8. Bxe4 Bxe4 9. Qxe4 Qd5 10. Qxd5 exd5 11. Bf4 c6 12. Kd2 f6 13. a4 g5 14. Bg3 h5 15. h4 g4 16. Ne1 Bh6+ 17. Kc3 Nd7 18. Nd3 Nf8 19. Bf4 Ne6 20. Rhe1 Kd7 21. Bxh6 Rxh6 22. a5 Rhh8 23. Re2 c5 24. dxc5 bxc5 25. Rae1 Rhe8 26. Rxe6 Rxe6 27. Nxc5+ Kd6 28. Nxe6 Re8 29. Kd4 f5 30. b4 a6 31. g3 f4 32. Re5 f3 33. Rxd5+ Kc6 34. Nf4 Re1 35. Nd3 Re2 36. Rxh5 Kd6 37. Rg5 Rxc2 38. Rxg4 Ke6 39. Rf4 Rd2 40. Rxf3 Rd1 41. Re3+ Kf5 42. Re4 Rb1 43. g4+ Kf6 44. h5 Kg5 45. f3 Rh1 46. Re5+ Kf6 47. g5+ Kf7 48. h6 Kg6 49. f4 Rh4 50. Re6+ Kf7 51. Rxa6 Ke7 52. Rf6 Kd7 53. a6 Kc7 54. b5 Rh1 55. b6+ Kd7 56. h7 Rxh7 57. a7 Rh8 58. b7 Ke7 59. a8=Q Rc8 60. Re6+ Kf7 61. Qxc8 Kg7 62. Qd7+ Kf8 63. Re8# 1-0


[Site "https://www.chess.com"]

[Event "Titled Tuesday Blitz June 6 Late 2023"]
[White "Becerra, Juan David"]
[Black "Shapiro, David"]
[WhiteFideId "4404998"]
[BlackFideId "24133523"]
[WhiteElo "2304"]
[BlackElo "2308"]
[Result "1-0"]
[Round "3"]
[TimeControl "180+2"]
[Date "2023.06.07"]
[WhiteClock "0:00:13"]
[BlackClock "0:00:01"]
[Board "44"]

1. e4 c5 2. d4 cxd4 3. c3 Nf6 4. e5 Nd5 5. cxd4 Nc6 6. Nc3 Nxc3 7. bxc3 d6 8. f4 d5 9. Bd3 g6 10. Ne2 Bf5 11. Ng3 Bxd3 12. Qxd3 e6 13. O-O h5 14. Rb1 Qd7 15. a4 Na5 16. Rb5 b6 17. Rxa5 bxa5 18. c4 dxc4 19. Qxc4 Rc8 20. Qd3 Bc5 21. Be3 Bb6 22. Ne4 Qxa4 23. Nd6+ Kd7 24. Nxf7 Qc4 25. Qxc4 Rxc4 26. Nxh8 a4 27. Ra1 Rxd4 28. Kf1 Rb4 29. Bxb6 axb6 30. Nxg6 b5 31. Rd1+ Kc7 32. g3 a3 33. Ke2 a2 34. Ra1 Rb2+ 35. Kd3 b4 36. Nf8 b3 37. Nxe6+ Kb6 38. Nd4 Rd2+ 39. Kxd2 b2 40. Rxa2 b1=Q 41. Rc2 Qg1 42. Kd3 Qd1+ 43. Ke4 Qh1+ 44. Kf5 Qd5 45. Rc6+ Kb7 46. Rd6 Qg2 47. e6 Qh3+ 48. Kf6 Qg4 49. Nf5 Qg8 50. e7 Qh8+ 51. Ng7 Qh6+ 52. Kf7 Qxd6 53. e8=Q Qd5+ 54. Qe6 Qg2 55. Nxh5 Qxh2 56. g4 Qc2 57. f5 Qc3 58. Nf6 Qh3 59. g5 Ka8 60. g6 Qa3 61. Qe8+ Kb7 62. Qe7+ Ka8 63. Qxa3+ 1-0


[Site "https://www.chess.com"]

[Event "Titled Tuesday Blitz June 6 Late 2023"]
[White "Sieciechowicz, Marcin"]
[Black "Novikov, Evgenij"]
[WhiteFideId "1130170"]
[BlackFideId "4125380"]
[WhiteElo "2301"]
[BlackElo "2242"]
[Result "1-0"]
[Round "3"]
[TimeControl "180+2"]
[Date "2023.06.07"]
[WhiteClock "0:00:35"]
[BlackClock "0:00:03"]
[Board "46"]

1. d4 d5 2. Bf4 Nf6 3. e3 c5 4. c3 cxd4 5. exd4 Nc6 6. Nf3 g6 7. Bd3 Bg7 8. O-O O-O 9. Nbd2 Bf5 10. Bxf5 gxf5 11. Re1 e6 12. h3 Kh8 13. Ne5 Nxe5 14. Bxe5 Ne8 15. Nf3 Bxe5 16. Nxe5 Qg5 17. Re3 f4 18. Re1 Nd6 19. Qg4 Qxg4 20. hxg4 Kg7 21. f3 f5 22. Nd7 Rfe8 23. gxf5 Nxf5 24. Kf2 b6 25. Ne5 h5 26. Nd3 Ne3 27. Nxf4 Nc2 28. Nxe6+ Kf6 29. Nc7 Rxe1 30. Rxe1 Nxe1 31. Nxa8 Nd3+ 32. Ke3 Nxb2 33. Nc7 Nc4+ 34. Kf4 Nd6 35. Nxd5+ Ke6 36. Ne3 b5 37. g4 hxg4 38. fxg4 a5 39. g5 b4 40. cxb4 axb4 41. d5+ Ke7 42. Ke5 Nf7+ 43. Kf5 Nd6+ 44. Kf4 Kf7 45. Ke5 Nb5 46. d6 Nxd6 47. Kxd6 Kg6 48. Kc5 Kxg5 49. Kxb4 1-0


[Site "https://www.chess.com"]